 Dungeon Crawl Stone Soup version 0.28.0-43-g3370ac3207 (webtiles) character file.

Game seed: 5068504845679365902

391 cbfl8 the Sneak (level 6, -2/53 HPs)
             Began as a Minotaur Delver on Feb 28, 2022.
             Was an Initiate of Yredelemnul.
             Killed by divine providence
             ... invoked by an orc priest
              (10 damage)
             ... on level 4 of the Dungeon.
             The game lasted 00:10:05 (4938 turns).

cbfl8 the Sneak (Minotaur Delver)                   Turns: 4938, Time: 00:10:06

Health: -2/53      AC: 10    Str: 19    XL:     6   Next: 50%
Magic:  5/5        EV: 10    Int:  7    God:    Yredelemnul [......]
Gold:   143        SH:  0    Dex: 11    Spells: 5/5 levels left

rFire   . . .      SeeInvis .   i - +0 war axe
rCold   . . .      Faith    .   (no shield)
rNeg    . . .      Spirit   .   z - +0 scale mail
rPois   +          Reflect  .   (helmet restricted)
rElec   +          Harm     .   x - +0 cloak of the Evening Star {rElec rPois}
rCorr   .          Rampage  .   u - +1 pair of gloves
Will    ++...                   (no boots)
Stlth   +.........              (no amulet)
HPRegen 0.17/turn               h - ring of willpower
MPRegen 0.09/turn               n - ring of willpower

@: no status effects
A: horns 2, retaliatory headbutt
a: Renounce Religion, Recall Undead Harvest


You were on level 4 of the Dungeon.
You worshipped Yredelemnul.
Yredelemnul was noncommittal.
You visited 2 branches of the dungeon, and saw 6 of its levels.

You collected 143 gold pieces.

Inventory:

Hand Weapons
 a - a +0 hand axe
 d - a +0 flail
 i - a +0 war axe (weapon)
 y - a +0 flail of holy wrath
Armour
 b - a +0 leather armour
 l - a +0 ring mail
 u - a +1 pair of gloves (worn)
 x - the +0 cloak of the Evening Star (worn) {rElec rPois}
   (You found it on level 3 of the Dungeon)

   rElec:     It insulates you from electricity.
   rPois:     It protects you from poison.
 z - a +0 scale mail (worn)
Jewellery
 h - a ring of willpower (left hand)
 n - a ring of willpower (right hand)
 q - a ring of positive energy
 v - a ring of protection from fire
Wands
 g - a wand of digging (3)
Scrolls
 c - 2 scrolls of fog
 e - a scroll of fear
 j - a scroll of identify {unknown}
 o - a scroll of enchant weapon {unknown}
 r - a scroll of acquirement {unknown}
 s - 2 scrolls of amnesia {unknown}
 t - 2 scrolls of teleportation {unknown}
Potions
 f - a potion of haste
 k - a potion of resistance {unknown}
 m - 3 potions of curing {unknown}
 p - a potion of magic {unknown}
 w - 2 potions of ambrosia {unknown}
 A - a potion of attraction {unknown}


   Skills:
 + Level 4.3 Fighting
 + Level 5.1 Axes
 + Level 0.2(3.1) Maces & Flails
 + Level 3.3 Armour
 + Level 3.0 Dodging
 + Level 5.3 Stealth


You had 5 spell levels left.
You didn't know any spells.
Your spell library contained the following spells:

 Spells                   Type           Power      Damage    Failure   Level
 Shock                    Conj/Air       0%         1d3       80%         1
 Swiftness                Air            0%         N/A       99%         3
 Airstrike                Air            0%         N/A       100%        4


Dungeon Overview and Level Annotations

Branches:
Dungeon (5/15)             Temple (1/1) D:5

Altars:
Ashenzari
Cheibriados
Dithmenos
Elyvilon
Fedhas
Gozag
Kikubaaqudgha
Makhleb
Nemelex Xobeh
Okawaru
Qazlal
Ru
Sif Muna
Trog
Uskayaw
Vehumet
Wu Jian
Xom
Yredelemnul
Zin
The Shining One


Innate Abilities, Weirdness & Mutations

You have a pair of horns on your head.
You reflexively headbutt those who attack you in melee.


Message History

Your Axes skill increases to level 5!
You see here a +0 halberd.
You swap places.
Your gnoll shaman zombie hits the orc.
You swap places.
Something hits the orc priest but does no damage.
Your gnoll shaman zombie barely misses the orc.
The orc hits your gnoll shaman zombie with a +0 short sword.
Something barely misses the orc priest.
Your gnoll shaman zombie misses the orc.
The orc barely misses your gnoll shaman zombie.
Something hits the orc priest but does no damage.
There is an open door here.
The orc hits your gnoll shaman zombie with a +0 short sword.
Your gnoll shaman zombie hits the orc.
You feel a bit more experienced.
There is an open door here.
You feel a bit more experienced.
You close the door.
You start resting.
You hear a shout!
You feel a bit more experienced.
You start resting.
You feel a bit more experienced.
You start resting.
An orc priest opens the door.
It is wielding a +2 flail of protection.
An orc priest is nearby!
An orc priest is nearby!
The orc priest calls down the wrath of Beogh upon you.
Beogh smites you!
* * * LOW HITPOINT WARNING * * *
There is an open door here.
You closely miss the orc priest.
You headbutt the orc priest, but do no damage.
The orc priest hits you with a +2 flail of protection.
* * * LOW HITPOINT WARNING * * *
You closely miss the orc priest. Your headbutt misses the orc priest.
The orc priest mumbles some strange prayers to Beogh against you.
Beogh smites you!
You die...
Your body rises from the dead as a mindless zombie.

.......# #....# #
..######. ...... #....# #.
#.## #. ... #######
#.#####..### #. #....#
#........... .. ####....#
#......## #.
........#####.......####.
........'...'..).........
........#####.....#.####.
........@o.##.....#..#
........##.##.....##.#
####....##Z##.....##.# ##
#######Z##.....##.##
#..#### #Z##.....##..##+
.......####o########......
♣.......ogo..# #......
♣P...........# #......
♣..........# #......


You could see an orc priest.

Vanquished Creatures
  A black bear (D:3)
  A hound (D:4)
  3 orc priests
  A gnoll shaman (D:4)
  An iguana (D:4)
  A gnoll (D:4)
  2 adders
  An adder skeleton (D:4)
  A worm (D:2)
  6 orcs
  5 endoplasms
  A giant cockroach (D:2)
  5 goblins
  6 hobgoblins
  6 kobolds
  10 quokkas
  3 ball pythons (D:2)
  2 bats (D:2)
  4 rats
60 creatures vanquished.

Vanquished Creatures (collateral kills)
  2 gnolls (D:4)
  3 orcs (D:4)
  A bat (D:2)
  An endoplasm (D:2)
  A hobgoblin (D:2)
  A ball python (D:1)
  A frilled lizard (D:1)
  2 goblins
12 creatures vanquished.

Vanquished Creatures (others)
  3 gnoll zombies (D:4)
  A giant cockroach zombie (D:2)
  A hobgoblin zombie (D:4)
  A kobold zombie (D:2)
  An orc zombie (D:3)
  A quokka zombie (D:3)
  A spectral endoplasm (D:2)
  3 fungi (D:3)
12 creatures vanquished.

Grand Total: 84 creatures vanquished

Notes
Turn   | Place    | Note
-------+----------+-------------------------------------------
     0 | D:5      | cbfl8 the Minotaur Delver began the quest for the Orb.
     0 | D:5      | Reached XP level 1. HP: 19/19 MP: 0/0
    50 | D:5      | Found a staircase to the Ecumenical Temple.
    50 | D:5      | Noticed an orc priest
    54 | D:5      | Killed an orc priest
    55 | D:5      | Reached XP level 2. HP: 27/27 MP: 1/1
    55 | D:5      | Reached XP level 3. HP: 33/33 MP: 2/2
    57 | Temple   | Entered the Ecumenical Temple
   431 | Temple   | Became a worshipper of Yredelemnul the Dark
   995 | D:3      | Noticed a black bear
  1044 | D:2      | Reached skill level 5 in Stealth
  1514 | D:2      | You fall into a shaft and drop 1 floor!
  1692 | D:2      | Reached XP level 4. HP: 40/40 MP: 3/3
  1879 | D:2      | Reached * piety under Yredelemnul
  1896 | D:2      | Reached ** piety under Yredelemnul
  2875 | D:1      | Reached skill level 1 in Armour
  3412 | D:3      | Identified the +0 cloak of the Evening Star {rElec rPois}
  3484 | D:3      | Reached XP level 5. HP: 42/46 MP: 4/4
  4045 | D:3      | Killed a black bear
  4046 | D:3      | Reached XP level 6. HP: 17/52 MP: 5/5
  4392 | D:3      | Found a faded altar of an unknown god.
  4910 | D:4      | Reached skill level 5 in Axes
  4938 | D:4      | Killed from afar by an orc priest

Illustrated notes

Levels and vault maps discovered:
D:1:      co_arrival_hall_of_pillars, layout_loops_corners
D:2:      layout_basic
D:3:      layout_loops_corners, shapermc_ecumenical_altar_mp_ritualfount,
          hangedman_decor_growths, chequers_serial_rivers_small_3
D:4:      layout_basic, serial_park_tiny_2
D:5:      layout_basic, beargit_hepliaklqana_dungeon_heroes,
          minmay_temple_entry_proselytizer
Temple:   mainiacjoe_temple_circle_huts

Skill      XL: |  1  2  3  4  5  6 |
---------------+-------------------+-----
Stealth        | 5 |  5.3
Fighting       | 4 |  4.3
Axes           | 3 4 5 |  5.1
Armour         | 1 2 3 |  3.3
Dodging        | 3 |  3.0
Maces & Flails | |  0.2

Action                   |  1- 3 |  4- 6 || total
-------------------------+-------+-------++-------
Melee: Hand axe          |    16 |       ||    16
       Headbutt          |     6 |    15 ||    21
       War axe           |    18 |    95 ||   113
       Flail             |     7 |       ||     7
       Punch             |     1 |     1 ||     2
  Use: Scroll            |     1 |       ||     1
 Stab: Sleeping          |     3 |     2 ||     5
       Distracted        |       |     1 ||     1
Armor: Ring mail         |     7 |    28 ||    35
       Leather armour    |     7 |       ||     7
       Scale mail        |       |    29 ||    29
Dodge: Dodged            |    27 |    78 ||   105
